 Dungeon Crawl Stone Soup version 0.27-a0-531-gb72ec1a1b6 (webtiles) character file.

Game seed: 10795742757689704122

394 Morbidden the Covert (level 6, -1/32 HPs)
             Began as a Spriggan Brigand on Mar 5, 2021.
             Slain by a scorpion (3 damage)
             ... on level 4 of the Dungeon.
             The game lasted 00:05:32 (3618 turns).

Morbidden the Covert (Spriggan Brigand)             Turns: 3618, Time: 00:05:33

Health: -1/32      AC:  7    Str:  7    XL:     6   Next: 51%
Magic:  9/9        EV: 19    Int: 14    God:
Gold:   129        SH:  6    Dex: 23    Spells: 7/7 levels left

rFire    . . .     SeeInvis +   a - +2 dagger
rCold    . . .     Faith    .   n - +0 buckler
rNeg     . . .     Spirit   .   m - +0 robe
rPois    .         Reflect  .   (helmet restricted)
rElec    .         Harm     .   c - +0 cloak
rCorr    .         Rampage  .   (gloves unavailable)
Will     +....                  (boots unavailable)
Stlth    ++++......             (no amulet)
HPRegen  0.10/turn              h - +6 ring of dexterity
MPRegen  0.11/turn              q - +4 ring of protection

@: mighty, lethally poisoned (-1 -> -6), attractive, flying, very quick
A: very small, unfitting armour, see invisible, speed 3
a: no special abilities


You were on level 4 of the Dungeon.
You visited 1 branch of the dungeon, and saw 4 of its levels.

You collected 129 gold pieces.

Inventory:

Hand Weapons
 a - a +2 dagger (weapon)
 b - a +0 hunting sling
Missiles
 d - 9 poisoned darts (quivered)
 e - 2 curare-tipped darts
 l - 29 sling bullets
 o - 6 atropa-tipped darts
 s - 8 boomerangs
Armour
 c - a +0 cloak (worn)
 m - a +0 robe (worn)
 n - a +0 buckler (worn)
Jewellery
 h - a +6 ring of dexterity (left hand)
 q - a +4 ring of protection (right hand)
Scrolls
 f - 5 scrolls of identify {unknown}
 i - a scroll of enchant weapon {unknown}
 p - a scroll of enchant armour {unknown}
 r - a scroll of amnesia {unknown}


   Skills:
 * Level 2.6 Fighting
 + Level 3.2 Short Blades
 + Level 2.8 Throwing
 * Level 3.9 Dodging
 + Level 8.6 Stealth
 * Level 0.5 Shields
 * Level 1.3 Spellcasting


You had 7 spell levels left.
You didn't know any spells.
Your spell library was empty.

Dungeon Overview and Level Annotations

Branches:
Dungeon (4/15)
 Temple: D:4-7

Altars:
Ashenzari

Annotations:
D:4 Edmund


Innate Abilities, Weirdness & Mutations

You are very small and have problems with some larger weapons.
You are too small for most types of armour.
You have supernaturally acute eyesight. (SInv)
You cover ground extremely quickly. (Speed+++)


Message History

Unknown command.
Unknown command.
You barely miss the scorpion. You block the iguana's attack.
The scorpion stings you but does no damage.
You block the orc's attack. The hobgoblin is pulled toward you!
Unknown command.
Unknown command.
Unknown command.
You puncture the iguana!
The iguana is almost dead.
* * * LOW HITPOINT WARNING * * *
You feel sick. The iguana misses you. The scorpion misses you.
You block the orc's attack.
Unknown command.
Unknown command.
Unknown command.
Unknown command.
You puncture the scorpion!
The scorpion is heavily wounded.
You block the iguana's attack. The scorpion completely misses you.
Unknown command.
Unknown command.
You closely miss the iguana.
The iguana is almost dead.
* * * LOW HITPOINT WARNING * * *
You feel sick. The orc misses you. The iguana barely misses you.
The scorpion completely misses you.
Unknown command.
Unknown command.
Unknown command.
You hit the iguana but do no damage.
The iguana is almost dead.
The iguana misses you. The orc closely misses you. The scorpion misses you.
Unknown command.
Unknown command.
You hit the iguana.
You kill the iguana!
* * * LOW HITPOINT WARNING * * *
You feel sick. The orc misses you. The scorpion stings you.
You die...

...###..............# .
#.....................
.##.....................
..#.....................
...>........................#
............................#
........#....ggg#............
..)....###....#osg.......>...
.....gg####..###@..........# #
...$....###..# ###.......#.# .
.....g..@#...# #.........# .##
.#..g.##†....## #.........##..##
##.h.(o.......# #..#............
.....(###....## .#.####..........
!....g###....#...................
...)..#.<......#.....##..........
...............##.....?(.........


You could see a scorpion, an orc, 2 hobgoblins and 2 goblins.

Vanquished Creatures
  Sigmund (D:2)
  A scorpion (D:3)
  An iguana (D:4)
  2 worker ants (D:4)
  4 gnolls
  4 adders
  A worm (D:2)
  3 dart slugs
  2 orcs
  3 giant cockroaches
  4 goblins
  7 hobgoblins
  3 jackals (D:2)
  9 kobolds
  3 quokkas
  3 ball pythons
  5 bats
  4 frilled lizards
  7 rats
67 creatures vanquished.

Notes
Turn   | Place    | Note
-------+----------+-------------------------------------------
     0 | D:1      | Morbidden the Spriggan Brigand began the quest for the Orb.
     0 | D:1      | Reached XP level 1. HP: 10/10 MP: 2/2
    90 | D:1      | Reached skill level 6 in Stealth
   168 | D:1      | Reached XP level 2. HP: 14/14 MP: 3/3
   301 | D:1      | Found a broken altar of Ashenzari.
   826 | D:1      | Reached skill level 7 in Stealth
   826 | D:1      | Reached XP level 3. HP: 18/18 MP: 4/4
  1308 | D:2      | Noticed Sigmund
  1313 | D:2      | Killed Sigmund
  1314 | D:2      | Reached skill level 8 in Stealth
  1314 | D:2      | Reached XP level 4. HP: 23/23 MP: 5/5
  1314 | D:2      | Reached XP level 5. HP: 27/27 MP: 6/6
  2411 | D:2      | Reached XP level 6. HP: 32/32 MP: 8/8
  3050 | D:3      | Reached skill level 1 in Spellcasting
  3589 | D:4      | Noticed Edmund
  3618 | D:4      | Slain by a scorpion

Illustrated notes

Levels and vault maps discovered:
D:1:      heliophobic_arrival_enchanted_forest, layout_loops_ring,
          chequers_serial_rivers_large_a, evilmike_ruin_ashenzari
D:2:      lemuel_upstairs_altar, layout_loops_ring, uniq_sigmund
D:3:      layout_loops_ring
D:4:      layout_cave_pools, minmay_temple_entry_arrows, uniq_robin, uniq_edmund

Skill      XL: |  1  2  3  4  5  6 |
---------------+-------------------+-----
Stealth        | 6 7 8 |  8.6
Fighting       | 2 |  2.6
Short Blades   | 3 |  3.2
Dodging        | 3 |  3.9
Spellcasting   | 1 |  1.3
Throwing       | |  2.8
Shields        | |  0.5

Action                   |  1- 3 |  4- 6 || total
-------------------------+-------+-------++-------
Melee: Dagger            |    88 |   112 ||   200
Throw: Dart              |    11 |    51 ||    62
  Use: Potion            |       |     3 ||     3
 Stab: Sleeping          |    11 |    15 ||    26
       Distracted        |     1 |       ||     1
Armor: Robe              |     8 |    10 ||    18
Dodge: Dodged            |    70 |   115 ||   185
Block: Buckler           |       |    14 ||    14

Table legend: (Time is in decaauts)
 A = Elapsed time spent in this place.
 B = Non-inter-level travel time spent in this place.
 C = Inter-level travel time spent in this place.
 D = Time resting spent in this place.
 E = Time spent auto-exploring this place.
 F = Levels seen in this place.
 G = Mean time per level.
                   A        B        C        D        E       F      G
               +--------+--------+--------+--------+--------+-----+--------+
         Total |   2659 |   2520 |    139 |    166 |   1838 |   4 |  664.8 |
       Dungeon |   2659 |   2520 |    139 |    166 |   1838 |   4 |  664.8 |
               +--------+--------+--------+--------+--------+-----+--------+

Top non-repeatable levels by time:
     D:2: 1167 daAuts
     D:1: 948 daAuts
     D:3: 482 daAuts
     D:4: 61 daAuts
